 Dungeon Crawl Stone Soup version 0.22.1-1-ga44c0e5 (webtiles) character file.

4681 SkarinSkye the Geomancer (level 10, -2/53 HPs)
             Began as a Gargoyle Earth Elementalist on Oct 30, 2018.
             Was a Follower of Ashenzari.
             Killed from afar by a gargoyle (22 damage)
             ... with a stone arrow
             ... on level 10 of the Dungeon.
             The game lasted 00:49:08 (10961 turns).

SkarinSkye the Geomancer (GrEE)                    Turns: 10961, Time: 00:49:09

Health: -2/53      AC: 15    Str: 13    XL:     10   Next: 44%
Magic:  2/22       EV: 14    Int: 18    God:    Ashenzari [*.....]
Gold:   156        SH:  0    Dex: 10    Spells: 19/25 levels left

rFire    . . .     SeeInvis .   i - +2 falchion (holy)
rCold    . . .     Gourm    .   (no shield)
rNeg     + . .     Faith    .   N - +2 leather armour {MR+}
rPois    ∞         Spirit   .   l - +0 helmet (curse)
rElec    +         Reflect  .   (no cloak)
rCorr    .         Harm     .   c - +1 pair of gloves {archery}
MR       +....                  (no boots)
Stlth    ++........             (no amulet)
HPRegen  0.17/turn              (no ring)
MPRegen  0.18/turn              (no ring)

@: no status effects
A: negative energy resistance 1, electricity resistance, unbreathing,
petrification resistance, rot immunity, AC +7
a: Curse Item, Scrying, Renounce Religion


You were on level 10 of the Dungeon.
You worshipped Ashenzari.
Ashenzari was aware of your devotion.
You were not hungry.

You visited 2 branches of the dungeon, and saw 11 of its levels.

You collected 366 gold pieces.
You spent 210 gold pieces at shops.

Inventory:

Hand Weapons
 i - a +2 falchion of holy wrath (weapon)
Missiles
 b - 106 stones (quivered)
 v - 33 poisoned needles
 E - 7 tomahawks of returning
 H - 2 throwing nets
Armour
 a - a +0 leather armour
 c - a +1 pair of gloves of archery (worn)
 l - a cursed +0 helmet (worn)
 w - a +0 plate armour
 N - a +2 leather armour of magic resistance (worn)
Jewellery
 L - an uncursed amulet of the acrobat
Wands
 j - a wand of enslavement (12)
 o - a wand of iceblast (18)
 q - a wand of digging (23)
Scrolls
 e - 4 scrolls of identify
 f - a scroll of random uselessness {unknown}
 g - a scroll of magic mapping {unknown}
 k - a scroll of teleportation
 m - a scroll of immolation {unknown}
 s - a scroll of noise {unknown}
 u - 5 scrolls of remove curse
 y - a scroll of fear {unknown}
 A - a scroll of enchant armour {unknown}
 K - 3 scrolls of enchant weapon {unknown}
Potions
 h - a potion of magic {unknown}
 n - a potion of cancellation {unknown}
 p - 6 potions of heal wounds {unknown}
 r - a potion of degeneration {unknown}
 t - 2 potions of agility {unknown}
 x - 2 potions of ambrosia {unknown}
 z - a potion of lignification {unknown}
 B - 2 potions of curing {unknown}
 C - a potion of flight {unknown}
 F - a potion of berserk rage {unknown}
 G - a potion of brilliance {unknown}
 I - a potion of resistance {unknown}
Comestibles
 d - 17 rations


   Skills:
 - Level 2.1 Fighting
 * Level 6.4 Dodging
 - Level 2.1 Stealth
 - Level 8.4 Spellcasting
 - Level 6.0 Conjurations
 * Level 2.2 Transmutations
 * Level 9.0 Earth Magic


You had 19 spell levels left.
You knew the following spells:

 Your Spells              Type           Power        Failure   Level  Hunger
a - Sandblast             Erth           #####.       1%          1    None
b - Stone Arrow           Conj/Erth      ####..       1%          3    None
c - Passwall              Tmut/Erth      ####....     1%          2    None

Your spell library contained the following spells:

 Spells                   Type           Power        Failure   Level  Hunger
 Flame Tongue             Conj/Fire      ###..        3%          1    None
 Throw Flame              Conj/Fire      ###...       5%          2    None
 Lee's Rapid Deconstruct  Erth           #####.....   9%          5    #####..
 Conjure Flame            Conj/Fire      ###.....     11%         3    None
 Petrify                  Tmut/Erth      ####....     12%         4    ###....
 Inner Flame              Hex/Fire       #.......     34%         3    None
 Sticky Flame             Conj/Fire      ###.....     34%         4    ###....
 Fireball                 Conj/Fire      ###.......   67%         5    #####..


Dungeon Overview and Level Annotations

Branches:
Dungeon (10/15)            Temple (1/1) D:5
   Lair: D:8-11         Orc: D:9-12

Altars:
Ashenzari
Cheibriados
Dithmenos
Elyvilon
Fedhas
Gozag
Hepliaklqana
Kikubaaqudgha
Makhleb
Nemelex Xobeh
Okawaru
Qazlal
Ru
Sif Muna
Trog
Uskayaw
Vehumet
Wu Jian
Xom
Yredelemnul
Zin
The Shining One

Shops:
D:7 *

Annotations:
D:1 1 runed door
D:3 Grinder
D:7 3 runed doors, jombi's ghost, novice GrCK
D:10 Grum


Innate Abilities, Weirdness & Mutations

You are resistant to torment.
Your stone body is resilient. (AC +7)
You are immune to poison.
You resist negative energy. (rN+)
You are resistant to electric shocks. (rElec)
You can survive without breathing.
You are immune to petrification.
You are immune to rotting.


Message History

The hound bites you but does no damage.
Casting: Sandblast (safe; 1% risk of failure)
Confirm with . or Enter, or press ? or * to list all spells.
Aiming: Sandblast (safe; 1% risk of failure)
Press: ? - help, Shift-Dir - straight line, f/p - Grum
Aim: Grum, wielding an enchanted glaive and wearing a runed animal skin The blast of sand hits Grum.
Grum is severely wounded.
b - 106 stones The hound closely misses you.
You riposte.
You miss the hound. Grum misses you.
You hit Grum but do no damage.
Grum is severely wounded.
Your surroundings suddenly seem different.
Found 11 gold pieces.
A gargoyle comes into view. It is wielding a morningstar.
A gargoyle is nearby!
A gargoyle is nearby!
The gargoyle hurls a stone arrow at you.
The stone arrow hits you!
You die...

########.##
#.........##
#.........$
#.........#
#.........#
#.........#
#.........#
#....9....#
#........@#
#.........#
##.########
#


You could see a gargoyle.

Vanquished Creatures
  A hippogriff (D:8)
  A wyvern (D:8)
  4 yaks
  A hungry ghost (D:7)
  A water moccasin (D:5)
  2 orc warriors
  4 ice beasts
  A phantom (D:4)
  3 wolves
  4 ogres
  A big kobold (D:9)
  4 bullfrogs
  4 killer bees (D:7)
  3 scorpions
  3 electric eels
  2 howler monkeys
  A centaur zombie (D:5)
  2 crimson imps (D:5)
  3 bullfrog zombies
  6 orc priests
  4 hounds
  5 iguanas
  14 orc wizards
  5 worker ants
  2 hound zombies
  A worker ant zombie (D:6)
  11 adders
  A howler monkey skeleton (D:5)
  8 gnolls
  A shadow imp (D:6)
  An adder skeleton (D:4)
  5 worms
  3 dart slugs
  4 leopard geckos
  38 orcs
  2 bats
  4 giant cockroaches
  4 hobgoblins
  10 jackals
  10 kobolds
  A quokka (D:8)
  A ball python (D:5)
  A frilled lizard (D:2)
  4 goblins
  A quokka skeleton (D:4)
  6 rats
198 creatures vanquished.

Vanquished Creatures (others)
  A plant (D:9)
1 creature vanquished.

Grand Total: 199 creatures vanquished

Notes
Turn   | Place    | Note
-------+----------+-------------------------------------------
     0 | D:1      | SkarinSkye the Gargoyle Earth Elementalist began the quest
                  | for the Orb.
     0 | D:1      | Reached XP level 1. HP: 10/10 MP: 3/3
     1 | D:1      | Found a runed door.
   202 | D:1      | Reached XP level 2. HP: 15/15 MP: 2/5
   578 | D:2      | Found a glowing golden altar of the Shining One.
   651 | D:2      | Reached XP level 3. HP: 19/19 MP: 3/7
  1237 | D:3      | Reached XP level 4. HP: 24/24 MP: 6/9
  1473 | D:3      | Reached XP level 5. HP: 18/28 MP: 7/12
  1646 | D:3      | Reached skill level 5 in Spellcasting
  1704 | D:3      | Found an iron altar of Okawaru.
  1856 | D:3      | Found an ornate altar of the Wu Jian Council.
  1858 | D:3      | Found a deep blue altar of Sif Muna.
  1892 | D:3      | Found a snail-covered altar of Cheibriados.
  2049 | D:3      | Noticed Grinder
  2069 | D:4      | Reached skill level 4 in Earth Magic
  2069 | D:4      | Reached XP level 6. HP: 32/32 MP: 9/14
  2085 | D:4      | Reached skill level 5 in Earth Magic
  2186 | D:4      | HP: 1/32 [ogre/giant spiked club (31)]
  2188 | D:4      | Reached skill level 6 in Earth Magic
  2258 | D:4      | Noticed a phantom
  2265 | D:4      | Reached XP level 7. HP: 4/36 MP: 10/15
  2520 | D:4      | Reached skill level 7 in Earth Magic
  3017 | D:4      | Reached skill level 8 in Earth Magic
  3402 | D:5      | Entered Level 5 of the Dungeon
  3521 | D:5      | Reached XP level 8. HP: 41/41 MP: 11/16
  3548 | D:5      | Found a stormy altar of Qazlal.
  3718 | D:5      | Learned a level 3 spell: Stone Arrow
  3999 | D:5      | Found a staircase to the Ecumenical Temple.
  4006 | Temple   | Entered the Ecumenical Temple
  4297 | Temple   | Became a worshipper of Ashenzari the Shackled
  5955 | D:5      | Reached XP level 9. HP: 22/45 MP: 0/21
  6180 | D:6      | Reached skill level 1 in Fighting
  6518 | D:6      | Found a shimmering altar of Xom.
  6584 | D:6      | Learned a level 2 spell: Passwall
  7019 | D:7      | Reached skill level 1 in Conjurations
  7031 | D:7      | Found a radiant altar of Vehumet.
  7130 | D:7      | Found a runed gate.
  7130 | D:7      | Found a runed gate.
  7130 | D:7      | Found a runed gate.
  7139 | D:7      | Found an opulent altar of Gozag.
  7139 | D:7      | Noticed jombi's ghost (novice GrCK)
  7487 | D:7      | Found an opulent altar of Gozag.
  7494 | D:7      | Found Caikol's Assorted Antiques.
  7506 | D:7      | Bought a pair of runed gloves for 210 gold pieces
  8030 | D:7      | Reached skill level 5 in Dodging
  8117 | D:7      | Reached * piety under Ashenzari
  8456 | D:8      | Reached skill level 5 in Conjurations
  8854 | D:8      | Reached XP level 10. HP: 53/53 MP: 15/22
  9147 | D:8      | Found a sacrificial altar of Ru.
  9147 | D:8      | Found a basalt altar of Yredelemnul.
  9149 | D:8      | Found a glowing silver altar of Zin.
 10435 | D:9      | Reached skill level 1 in Transmutations
 10477 | D:10     | Entered Level 10 of the Dungeon
 10907 | D:9      | Reached skill level 9 in Earth Magic
 10940 | D:9      | Noticed Grum
 10954 | D:10     | Noticed a gargoyle
 10961 | D:10     | Killed from afar by a gargoyle

Skill      XL: |  1  2  3  4  5  6  7  8  9 10 |
---------------+-------------------------------+-----
Spellcasting   | 3 4 5 8 |  8.4
Earth Magic    | 4 6 8 9 |  9.0
Dodging        | 2 5 6 |  6.4
Fighting       | 2 |  2.1
Conjurations   | 5 6 |  6.0
Transmutations | 2 |  2.2
Stealth        | |  2.1

Action                   |  1- 3 |  4- 6 |  7- 9 | 10-12 || total
-------------------------+-------+-------+-------+-------++-------
Melee: Club              |    29 |    51 |   127 |       ||   207
       Falchion          |       |       |    12 |    19 ||    31
Throw: Stone             |     4 |     2 |     1 |       ||     7
 Cast: Sandblast         |    25 |    82 |   135 |     2 ||   244
       Stone Arrow       |       |       |    78 |    60 ||   138
Invok: Curse Item        |       |       |     1 |       ||     1
  Use: Scroll            |       |       |     5 |     1 ||     6
 Stab: Sleeping          |     1 |       |     1 |       ||     2
  Eat: Ration            |       |     1 |     4 |     2 ||     7
       Chunk             |       |       |     8 |     1 ||     9
Armor: Robe              |    14 |    13 |       |       ||    27
       Leather armour    |       |    29 |   111 |    37 ||   177
Dodge: Dodged            |    27 |    53 |   156 |    87 ||   323
       Rpst.: Falchion   |       |       |     3 |    19 ||    22
